 Dungeon Crawl Stone Soup version 0.24.0-123-gd5b16e6ec5 (webtiles) character file.

Game seed: 17123889126709103462, levelgen mode: deterministic

20 Descartes the Digger (level 2, 0/15 HPs)
             Began as a Gargoyle Earth Elementalist on Jan 21, 2020.
             Slain by a bullfrog (3 damage)
             ... on level 1 of the Dungeon.
             The game lasted 00:02:19 (1020 turns).

Descartes the Digger (Gargoyle Earth Elementalist)  Turns: 1020, Time: 00:02:20

Health: 0/15       AC: 14    Str: 11    XL:     2   Next: 79%
Magic:  5/5        EV:  2    Int: 15    God:
Gold:   65         SH:  0    Dex: 10    Spells: 4/5 levels left

rFire    . . .     SeeInvis .   h - +0 dagger
rCold    . . .     Gourm    .   (no shield)
rNeg     + . .     Faith    .   i - +0 plate armour
rPois    ∞         Spirit   .   (no helmet)
rElec    +         Reflect  .   (no cloak)
rCorr    .         Harm     .   (no gloves)
MR       .....                  o - +0 pair of boots
Stlth    ..........             (no amulet)
HPRegen  0.05/turn              (no ring)
MPRegen  0.09/turn              (no ring)

@: no status effects
A: negative energy resistance 1, electricity resistance, unbreathing,
petrification resistance, rot immunity, AC +2
a: no special abilities


You were on level 1 of the Dungeon.
You were not hungry.

You visited 1 branch of the dungeon, and saw 2 of its levels.

You collected 65 gold pieces.

Inventory:

Hand Weapons
 h - a +0 dagger (weapon)
Missiles
 b - 103 stones (quivered)
 j - 16 bolts
 m - 40 arrows
Armour
 c - a +0 robe
 g - a +0 leather armour
 i - a +0 plate armour (worn)
 l - a +0 chain mail
 o - a +0 pair of boots (worn)
Scrolls
 f - a scroll of identify {unknown}
 k - a scroll of immolation {unknown}
 n - a scroll of teleportation {unknown}
Potions
 e - a potion of might {unknown}
 p - a potion of cancellation {unknown}
Comestibles
 a - a chunk of flesh
 d - 3 rations


   Skills:
 + Level 1.0 Armour
 + Level 1.9 Dodging
 - Level 2.1 Stealth
 + Level 2.2 Spellcasting
   Level 0.7 Transmutations
 + Level 4.0 Earth Magic


You had 4 spell levels left.
You knew the following spells:

 Your Spells              Type           Power        Failure   Level  Hunger
a - Sandblast             Erth           ##....       100%        1    #......

Your spell library contained the following spells:

 Spells                   Type           Power        Failure   Level  Hunger
 Passwall                 Tmut/Erth      #.......     100%        2    ###....
 Stone Arrow              Conj/Erth      #.....       100%        3    ###....
 Petrify                  Tmut/Erth      #.......     100%        4    #####..
 Lee's Rapid Deconstruct  Erth           ##........   100%        5    ######.


Dungeon Overview and Level Annotations

Branches:
Dungeon (2/15)

Altars:


Innate Abilities, Weirdness & Mutations

You are resistant to torment.
Your stone body is resilient. (AC +2)
You are immune to poison.
You resist negative energy. (rN+)
You are resistant to electric shocks. (rElec)
You can survive without breathing.
You are immune to petrification.
You are immune to rotting.


Message History

The bullfrog is heavily wounded.
The bullfrog hits you but does no damage. x2
You hit the bullfrog.
The bullfrog is heavily wounded.
The bullfrog hits you but does no damage.
You closely miss the bullfrog.
The bullfrog is heavily wounded.
The bullfrog hits you.
The bullfrog hits you but does no damage.
You closely miss the bullfrog.
The bullfrog is heavily wounded.
The bullfrog barely misses you.
You hit the bullfrog but do no damage.
The bullfrog is heavily wounded.
The bullfrog hits you. x2
* * * LOW HITPOINT WARNING * * *
Your plate armour prevents you from hitting the bullfrog.
The bullfrog is heavily wounded.
The bullfrog hits you.
You die...

######### #.......#
#.#####.### #.# #...#######
#.# ####........# # #.#
#...........# #
#.###.##........##############
#............@..'.............
#####.......F...#.############
###.........#..# #
#.....÷..###..###########
#........# #.8.≈≈≈≈≈≈≈≈##
#........# ##.≈≈≈.....≈≈#
#[.......# #.≈≈..≈≈≈..≈#
#........####.≈..≈≈≈≈≈..#
#...........+.≈.≈≈...≈≈.#


You could see a bullfrog.

Vanquished Creatures
  2 hobgoblins (D:1)
  3 jackals (D:1)
  4 kobolds (D:1)
  4 bats (D:1)
  A frilled lizard (D:1)
  2 goblins (D:1)
  3 rats (D:1)
19 creatures vanquished.

Notes
Turn   | Place    | Note
-------+----------+-------------------------------------------
     0 | D:1      | Descartes the Gargoyle Earth Elementalist began the quest
                  | for the Orb.
     0 | D:1      | Reached XP level 1. HP: 10/10 MP: 3/3
   360 | D:1      | Reached XP level 2. HP: 13/15 MP: 5/5
   669 | D:1      | Reached skill level 1 in Armour
   946 | D:1      | Reached skill level 4 in Earth Magic
  1000 | D:2      | Noticed a bullfrog
  1020 | D:1      | Slain by a bullfrog

Levels and vault maps discovered:
D:1:      psy_arrival_whirlpool, layout_basic, serial_park_tiny_2
D:2:      layout_basic, nicolae_overflow_crystal_walls,
          chequers_ecumenical_altar_island

Skill      XL: |  1  2 |
---------------+-------+-----
Armour         | 1 |  1.0
Earth Magic    | 4 |  4.0
Dodging        | |  1.9
Stealth        | |  2.1
Spellcasting   | |  2.2
Transmutations | |  0.7

Action                   || total
-------------------------++-------
Melee: Unarmed           ||    26
       Dagger            ||   129
 Stab: Sleeping          ||     2
  Eat: Chunk             ||     1
Armor: Plate armour      ||   157
       Robe              ||     9
       Leather armour    ||     2
Dodge: Dodged            ||    42
